[Event "Vener-dì-Rapid"]
[Site "Chess.com"]
[Date "2020.05.22"]
[Round "1"]
[White "mr6701"]
[Black "sergiodone"]
[Result "1-0"]
[WhiteElo "1670"]
[BlackElo "1427"]
[TimeControl "720+3"]
[EndTime "12:09:40 PDT"]
[Termination "mr6701 ha vinto per abbandono"]

1. e4 c5 2. d4 cxd4 3. c3 d3 4. Bxd3 a6 5. Nf3 Nc6 6. O-O e6 7. e5 d6 8. Re1 Be7 9. Qc2 d5 10. Nbd2 b5 11. Nb3 Bb7 12. Bf4 Rb8 13. Rad1 h5 14.
Nbd4 Nxd4 15. cxd4 Rc8 16. Qe2 g5 17. Bc1 g4 18.
Nd2 Nh6 19. Nb3 h4 20. Bxh6 Rxh6 21. Qxg4 Kf8 22. Re3 Rh8 23. Rf3 Bg5 24. Qxe6 Rc7 25. Bg6 Bc8 26. Rxf7+ Kg8 27. Rd7+ 1-0

[Event "Vener-dì-Rapid"]
[Site "Chess.com"]
[Date "2020.05.22"]
[Round "1"]
[White "malberici"]
[Black "pedrak"]
[Result "0-1"]
[WhiteElo "1419"]
[BlackElo "1699"]
[TimeControl "720+3"]
[EndTime "12:10:17 PDT"]
[Termination "pedrak ha vinto per abbandono"]

1. d4 Nf6 2. c4 e6 3. Nc3 Bb4 4. a3 Bxc3+ 5. bxc3 d6 6. Nf3 b6 7. Bg5 h6 8. e3 hxg5 9. Nxg5 Bb7 10. Qa4+ Qd7 11.
Qc2 Nc6 12. Be2 Na5 13. Nf3 Qe7 14. c5 dxc5 15. dxc5 Qxc5 16. Rd1 Be4 17. Qd2 Nc4 18.
Bxc4 Qxc4 19. Nd4 O-O 20. f3 Bg6 21. Qf2 Qxc3+ 22. Rd2 c5 23. Nb5 Qa5 24. Nd6 Bd3 25. e4 c4 26. Nb7 Qxa3 27. Qe3 Qe7 28. e5 Nd5 29. Qd4 Qxb7 30. Kf2 Rfd8 31. Qc3 0-1

[Event "Vener-dì-Rapid"]
[Site "Chess.com"]
[Date "2020.05.22"]
[Round "1"]
[White "Mrtre7"]
[Black "laremaro"]
[Result "1-0"]
[WhiteElo "1431"]
[BlackElo "1576"]
[TimeControl "720+3"]
[EndTime "12:12:18 PDT"]
[Termination "Mrtre7 ha vinto per abbandono"]

1. d4 d5 2. c4 e6 3. Nc3 Nf6 4.
cxd5 exd5 5. Bg5 Be7 6. e3 c6 7.
Bd3 O-O 8. Nge2 Re8 9. O-O Ne4 10. Bxe7 Qxe7 11. Qc2 Na6 12. a3 h6 13. f3 Nxc3 14. bxc3 Qxe3+ 15. Kh1 Nc7 16. Rae1 Qg5 17. f4 Qf6 18. Ng3 Bd7 19. Qf2 Rxe1 20. Rxe1 Re8 21. Rb1 b5 22. a4 a6 23. axb5 cxb5 24. Nh5 Qe7 25. Qg3 Ne6 26. Re1 Qf8 27. Nf6+ Kh8 28. Nxe8 Qxe8 29. f5 1-0

[Event "Vener-dì-Rapid"]
[Site "Chess.com"]
[Date "2020.05.22"]
[Round "1"]
[White "Luca090267"]
[Black "sirmale49"]
[Result "1-0"]
[WhiteElo "1464"]
[BlackElo "1400"]
[TimeControl "720+3"]
[EndTime "12:14:17 PDT"]
[Termination "Luca090267 ha vinto per abbandono"]

1. e4 d5 2. exd5 Qxd5 3. Nc3 Qd6 4. d4 c6 5. Nf3 Bg4 6. Be2 Nf6 7. O-O Nbd7 8. Be3 Nb6 9. h3 Bh5 10. Ne5 Bxe2 11. Qxe2 e6 12. f3 Nfd5 13. Nxd5 Nxd5 14. Bd2 Be7 15. c3 Bf6 16. Ng4 Bh4 17. Be1 Bg5 18. Qe5 Qxe5 19. Nxe5 Bf4 20. Nd3 Bd6 21. Bd2 O-O-O 22.
Rad1 Rhe8 23. Bc1 Nb6 24. Bf4 Bxf4 25. Nxf4 Nd5 26. Nxd5 Rxd5 27. Rd2 Red8 28. Rfd1 b5 29. Kf2 a5 30. Ke3 f5 31. f4 h6 32. g3 g5 33. b3 c5 34. dxc5 Rxd2 35. Rxd2 Rxd2 36. Kxd2 Kc7 37. b4 a4 38. a3 Kc6 39. Kd3 Kd5 40. Ke3 e5 41. fxg5 hxg5 42. Kf3 Kc4 43. c6 e4+ 44.
Ke3 Kb3 45. c7 Kxa3 46. c8=Q Kb3 47. Qxf5 a3 48. Qf1 a2 49. Qa1 1-0

[Event "Vener-dì-Rapid"]
[Site "Chess.com"]
[Date "2020.05.22"]
[Round "2"]
[White "laremaro"]
[Black "malberici"]
[Result "0-1"]
[WhiteElo "1561"]
[BlackElo "1481"]
[TimeControl "720+3"]
[EndTime "12:19:26 PDT"]
[Termination "malberici ha vinto per abbandono"]

1. e4 Nf6 2. Nc3 e5 3. Nf3 Bc5 4. Bc4 c6 5. O-O d5 6. exd5 cxd5 7. Bb5+ Nc6 8. d4 exd4 9. Re1+ Be6 10. Nxd4 O-O 11. Nxe6 fxe6 12. Rxe6 a6 13. Bxc6 bxc6 14. Rxc6 Bxf2+ 15. Kh1 Ba7 16. Rxf6 Qxf6 17. Qxd5+ Kh8 18. Bd2 Qf1+ 0-1

[Event "Vener-dì-Rapid"]
[Site "Chess.com"]
[Date "2020.05.22"]
[Round "2"]
[White "Mrtre7"]
[Black "mr6701"]
[Result "0-1"]
[WhiteElo "1426"]
[BlackElo "1689"]
[TimeControl "720+3"]
[EndTime "12:25:04 PDT"]
[Termination "mr6701 ha vinto per abbandono"]

1. d4 d5 2. c4 e6 3. Nc3 Nf6 4. cxd5 exd5 5. Bg5 Be7 6. e3 h6 7. Bh4 O-O 8. Bd3 c5 9. dxc5 Bxc5 10. Qf3 d4 11. Bxf6 Qxf6 12. Qxf6 gxf6 13. Nd5 dxe3 14.
fxe3 Na6 15. Nxf6+ Kh8 16. e4 Bd4 17. Nf3 Bxf6 18.
e5 Bg7 19. O-O Nb4 20. Bc4 Be6 21. Bd3 Nxd3 0-1

[Event "Vener-dì-Rapid"]
[Site "Chess.com"]
[Date "2020.05.22"]
[Round "2"]
[White "sergiodone"]
[Black "sirmale49"]
[Result "1-0"]
[WhiteElo "1434"]
[BlackElo "1393"]
[TimeControl "720+3"]
[EndTime "12:36:40 PDT"]
[Termination "sergiodone ha vinto per tempo"]

1. e4 d5 2. exd5 Qxd5 3. c4 Qe6+ 4. Be2 c6 5. d4 Nf6 6. Nc3 Ne4 7. Nxe4 Qxe4 8. f3 Qh4+ 9. g3 Qf6 10. Bf4 e6 11.
Qd2 a5 12. Qe3 Bb4+ 13. Kf2 O-O 14. h4 h6 15. h5 Be7 16. Bd3 Nd7 17. Ne2 c5 18. Rag1 cxd4 19. Nxd4 Nc5 20. Bc2 Rd8 21. Be5 Qg5 22. f4 Qg4 23. Bd1 Qxd1 24. Rxd1 f6 25. Bc7 Rd7 26. Nxe6 Kf7 27. Nxc5 Rxc7 28. Ne4 f5 29. Nd2 Bc5 30. Qxc5 Rxc5 31. b3 Be6 32. Nf3 Re8 33. Ne5+ Kf6 34. Rd6 Ke7 35. Rhd1 Kf6 36. Rb6 Re7 37. Rdd6 Rxe5 38. fxe5+ Kxe5 39. c5 Bf7 40. Rd2 Rc7 41. Rb5 Ke4 42. Rxa5 Bxh5 43. Ra4+ Ke5 44. b4 Be8 45. Ra3 Bb5 46. Re3+ Kf6 47.
Rd6+ Kg5 48. Ree6 f4 49. Re5+ 1-0

[Event "Vener-dì-Rapid"]
[Site "Chess.com"]
[Date "2020.05.22"]
[Round "2"]
[White "pedrak"]
[Black "Luca090267"]
[Result "1-0"]
[WhiteElo "1702"]
[BlackElo "1455"]
[TimeControl "720+3"]
[EndTime "12:37:20 PDT"]
[Termination "pedrak ha vinto per abbandono"]

1. d4 Nf6 2. Nf3 g6 3. h3 Bg7 4. Bf4 O-O 5. e3 d6 6. Be2 c5 7.
c3 cxd4 8. exd4 Nc6 9. O-O a6 10.
Nbd2 b5 11. a3 Bb7 12. Re1 Nd7 13. Bf1 e5 14. dxe5 dxe5 15. Bg3 f5 16. Qb3+ Kh8 17. Rad1 Qc7 18. Ng5 Na5 19. Nf7+ Rxf7 20. Qxf7 Rf8 21. Qe6 Nc5 22. Qa2 Nc6 23. b4 Nd7 24. f3 Nf6 25. c4 Nh5 26. Bf2 Nd4 27. c5 Rd8 28. Nb1 Bd5 29. Qb2 Nc6 30. Nc3 Be6 31. Rxd8+ Nxd8 32. Qd2 Nc6 33. Rd1 Nd4 34. Ne2 Nxe2+ 35. Bxe2 Bf8 36.
Qd8 Qxd8 37. Rxd8 Kg7 38. Ra8 Nf4 39. Bf1 Bc4 40. Rxa6 Bxf1 41. Kxf1 Nd3 42. Ra7+ Kh6 43. c6 Nxf2 44. Kxf2 e4 45. c7 Bg7 46. c8=Q Bd4+ 47.
Ke2 Bxa7 48. Qf8+ Kg5 49. h4+ Kh5 50. Qf6 exf3+ 51. Kxf3 Kh6 52. Qg5+ Kg7 53. Qe7+ 1-0

[Event "Vener-dì-Rapid"]
[Site "Chess.com"]
[Date "2020.05.22"]
[Round "3"]
[White "malberici"]
[Black "sergiodone"]
[Result "0-1"]
[WhiteElo "1436"]
[BlackElo "1443"]
[TimeControl "720+3"]
[EndTime "12:47:40 PDT"]
[Termination "sergiodone ha vinto per abbandono"]

1. d4 Nf6 2. Nf3 c5 3. dxc5 Qa5+ 4. Nc3 Qxc5 5. e3 a6 6. Bd3 d6 7. O-O Qc7 8. a3 g6 9. Nd4 Bg7 10. f4 O-O 11. f5 Nc6 12. fxg6 Nxd4 13. gxh7+ Kh8 14.
exd4 Bg4 15. Qe1 Bh5 16. Qh4 Bg6 17. Bh6 Qa5 18. Bxg7+ Kxg7 19. Rxf6 exf6 20. Ne4 Bxe4 21. Bxe4 Qg5 22. Qh3 Rab8 23. Rf1 d5 24. Bd3 Kh8 25. Qf3 Rbe8 26. Qxd5 0-1

[Event "Vener-dì-Rapid"]
[Site "Chess.com"]
[Date "2020.05.22"]
[Round "3"]
[White "Luca090267"]
[Black "laremaro"]
[Result "0-1"]
[WhiteElo "1441"]
[BlackElo "1569"]
[TimeControl "720+3"]
[EndTime "12:54:05 PDT"]
[Termination "laremaro ha vinto per abbandono"]

1. e4 e5 2. Nf3 Nc6 3. Bb5 a6 4. Ba4 Nf6 5. O-O b5 6. Bb3 Be7 7. Re1 O-O 8. c3 d6 9. d3 Bg4 10. h3 Bxf3 11. Qxf3 Na5 12. Bc2 c5 13. Nd2 Nc6 14. Nf1 Re8 15. Ng3 g6 16. Be3 Nd7 17. Qe2 Bf6 18. f4 exf4 19. Bxf4 Nde5 20. Nf1 d5 21.
Qd2 dxe4 22. Rxe4 Qb6 23. Kh1 Rad8 24. Rae1 Bg7 25. Ne3 f5 26. Bxe5 fxe4 27. Bxg7 Kxg7 28. b3 exd3 29. Bxd3 Ne5 30. Ng4 Nxg4 31. Rxe8 Rxe8 32.
hxg4 Qe6 33. Qf4 Qe1+ 34. Kh2 Qe5 35. g3 Qxf4 36. gxf4 Re3 37. Bf1 Rxc3 38. Bg2 Rc2 39. Kg3 Rxa2 40. Bb7 Ra3 41. Kh4 h6 42. Bc8 Rxb3 43.
Bxa6 c4 0-1

[Event "Vener-dì-Rapid"]
[Site "Chess.com"]
[Date "2020.05.22"]
[Round "3"]
[White "SanSecondoPR"]
[Black "Mrtre7"]
[Result "1/2-1/2"]
[WhiteElo "1318"]
[BlackElo "1423"]
[TimeControl "720+3"]
[EndTime "13:07:27 PDT"]
[Termination "Partita patta per stallo"]

1. e4 c5 2. d4 cxd4 3. Nf3 Nc6 4. Nxd4 e6 5. Nc3 Bb4 6. Nb3 Qc7 7. Qf3 Nf6 8. Bd3 O-O 9. O-O Ne5 10. Qg3 Bd6 11. Nb5 Nxd3 12. Nxc7 Bxg3 13. Nxa8 Nxc1 14. fxg3 Ne2+ 15.
Kf2 Nxe4+ 16. Kxe2 d5 17. Nc7 Bd7 18. a4 a6 19. c4 Rc8 20. cxd5 Rxc7 21. dxe6 Bxe6 22.
Nd4 Bc4+ 23. Ke1 Bxf1 24. Kxf1 g6 25. Re1 Nd2+ 26. Ke2 Nc4 27. Rc1 Re7+ 28. Kf3 Nxb2 29.
Rc8+ Kg7 30. a5 Re5 31. Rc7 Rxa5 32. Ne6+ Kf6 33. Nd8 Rf5+ 34. Ke4 Re5+ 35. Kd4 Re7 36. Rxb7 Rxb7 37. Nxb7 Kf5 38. Na5 Nd1 39. Kd3 Nf2+ 40. Ke3 Ng4+ 41. Ke2 Nxh2 42. Nc6 Kg4 43. Kf2 h5 44. Ne5+ Kf5 45. Nxf7 a5 46. Nd6+ Ke6 47. Nb5 a4 48. Ke3 Kd5 49. Nc3+ Kc4 50. Nxa4 Kb4 51. Nb2 Kc5 52. Nd3+ Kd5 53. Nf4+ Ke5 54. Nxg6+ Kf5 55. Nh4+ Kg4 56. Kf2 Kg5 57. Nf3+ Nxf3 58. gxf3 Kf5 59. Ke3 Ke5 60. f4+ Kf5 61. Kf3 Kf6 62. Ke4 Ke6 63. f5+ Kf6 64. Kf4 Kg7 65. Kg5 Kf7 66. g4 hxg4 67. Kxg4 Kf6 68. Kf4 Kf7 69. Ke5 Ke7 70.
f6+ Kf7 71. Kf5 Kf8 72. Ke6 Ke8 73. Kf5 Kf7 74. Kg5 Kf8 75. Kg6 Kg8 76. f7+ Kf8 77. Kf6 1/2-1/2

[Event "Vener-dì-Rapid"]
[Site "Chess.com"]
[Date "2020.05.22"]
[Round "3"]
[White "mr6701"]
[Black "pedrak"]
[Result "1-0"]
[WhiteElo "1732"]
[BlackElo "1694"]
[TimeControl "720+3"]
[EndTime "13:09:20 PDT"]
[Termination "mr6701 ha vinto per abbandono"]

1. e4 d5 2. exd5 Qxd5 3. Nc3 Qd6 4. d4 Nf6 5. Nf3 Bg4 6. Be2 c6 7. O-O e6 8. Bg5 Be7 9. Bh4 O-O 10. h3 Bxf3 11.
Bxf3 Rd8 12. Ne2 Qc7 13. Qc1 Nbd7 14. c3 Nf8 15. Qc2 Ng6 16. Bg3 Bd6 17. Qb3 Bxg3 18.
Nxg3 Rd7 19. Rae1 Rad8 20. Ne4 Nd5 21. g3 Nde7 22. Ng5 Nd5 23. Re2 h6 24. Ne4 b6 25.
Rfe1 Nde7 26. Bg4 Nd5 27. Qc2 f5 28. Bh5 Nf8 29. Nd2 g6 30. Bf3 Nf6 31. Nc4 Rg7 32. Qc1 Kh7 33. h4 c5 34. dxc5 Qxc5 35. Ne5 N6d7 36.
Nc6 Ra8 37. c4 Rc8 38. b4 Qd6 39. Rd1 Qc7 40. Qe3 Re8 41. b5 e5 42. Bd5 e4 43.
Qd4 Ne6 44. Bxe6 Rxe6 45. Qd5 Nc5 46. h5 Rf6 47. hxg6+ Rgxg6 48. Ne5 Rg7 49. Red2 f4 50. g4 f3 51. Kh1 Qc8 52. Rg1 Qe8 53. Rg3 Re6 54. Nc6 Nd3 55. Qf5+ Qg6 56. Nd4 Rf6 57. Qd5 Nf4 58. Qa8 Nd3 59. Nf5 Rd7 60. Qxe4 Nc5 61.
Rxd7+ Nxd7 62. Qe7+ Rf7 63. Qe4 Nf6 64. Qf4 Rd7 65.
Rh3 Ng8 66. Nxh6 Qb1+ 67. Kh2 Qc2 68. Nf5+ Kg6 69. Rxf3 Rh7+ 70. Kg3 Nf6 71. Nh4+ Rxh4 72. Qxf6+ Kh7 73. Qxh4+ Kg7 74. Qg5+ Kh7 75. Qf5+ Qxf5 76. Rxf5 1-0

[Event "Vener-dì-Rapid"]
[Site "Chess.com"]
[Date "2020.05.22"]
[Round "4"]
[White "SanSecondoPR"]
[Black "mr6701"]
[Result "0-1"]
[WhiteElo "1316"]
[BlackElo "1739"]
[TimeControl "720+3"]
[EndTime "13:16:33 PDT"]
[Termination "mr6701 ha vinto per scaccomatto"]

1. e4 d5 2. Nf3 dxe4 3. Ng5 Bf5 4. Be2 h6 5. g4 Bg6 6. Nh3 e5 7. O-O Qh4 8. f4 Qxh3 9. f5 Bh7 10. Rf2 h5 11. Bf1 Qh4 12. h3 Bc5 13. d4 Bxd4 14.
Qe1 hxg4 15. Be3 Qg3+ 16. Kh1 Bxe3 17. Nc3 Bxf2 18. Qxe4 Bxf5 19. Bb5+ c6 20. Qxf5 Rxh3# 0-1

[Event "Vener-dì-Rapid"]
[Site "Chess.com"]
[Date "2020.05.22"]
[Round "4"]
[White "laremaro"]
[Black "sergiodone"]
[Result "1-0"]
[WhiteElo "1576"]
[BlackElo "1438"]
[TimeControl "720+3"]
[EndTime "13:28:58 PDT"]
[Termination "laremaro ha vinto per abbandono"]

1. e4 c5 2. d4 cxd4 3. c3 d6 4. cxd4 e6 5. Nf3 Be7 6. Be2 a6 7. O-O Nf6 8. Nc3 O-O 9. h3 b5 10. Qd3 Bb7 11. e5 dxe5 12. Nxe5 Nc6 13. Be3 Nxe5 14.
dxe5 Qxd3 15. Bxd3 Nd5 16. Nxd5 Bxd5 17. b3 Rfc8 18. Rac1 g6 19. Rfd1 Kg7 20. Rxc8 Rxc8 21. Rc1 Rxc1+ 22. Bxc1 Bc5 23. Bb2 h5 24. Kf1 Kf8 25.
g3 Ke7 26. f4 Kd7 27. Bc1 Kc6 28. Ke2 Bd4 29. g4 hxg4 30. hxg4 Bg2 31. Be3 Bxe3 32. Kxe3 Kd5 33. a3 Kc5 34. Be4 Bh3 35. Bf3 Bf1 36.
g5 b4 37. a4 a5 38. Bd1 Ba6 39. Bf3 Bc8 40. Be2 Bb7 41. Bb5 Bd5 42. Be8 Bxb3 43. Bxf7 Bd5 44. Bxg6 b3 45. Bb1 Bc6 46. f5 exf5 47.
g6 Bd5 48. Kf4 Be4 49. g7 Bd5 50. Kxf5 Kb4 51. e6 Kxa4 52. g8=Q Ka3 53. Qg3 a4 54. e7 Bf7 55. Qg7 Be8 56. Qf8 Bb5 57. e8=Q+ Kb2 58. Qxb5 Kxb1 59. Qxa4 1-0

[Event "Vener-dì-Rapid"]
[Site "Chess.com"]
[Date "2020.05.22"]
[Round "4"]
[White "pedrak"]
[Black "Mrtre7"]
[Result "0-1"]
[WhiteElo "1681"]
[BlackElo "1441"]
[TimeControl "720+3"]
[EndTime "13:32:34 PDT"]
[Termination "Mrtre7 ha vinto per abbandono"]

1. d4 d5 2. Nf3 c6 3. Bf4 Nf6 4. e3 Bf5 5. Bd3 e6 6. O-O Bd6 7. Bg3 Bxg3 8. hxg3 Qd6 9. Ne5 Nbd7 10. f4 Ne4 11.
Qe2 Nxg3 12. Qf3 Nxf1 13. Qxf1 O-O-O 14. Nc3 Nxe5 15. fxe5 Qd7 16. b4 Bxd3 17. cxd3 Kb8 18. a4 f6 19. exf6 gxf6 20. b5 Qd6 21. Qb1 Rhg8 22.
a5 Qg3 23. Ra2 Qxe3+ 24. Kf1 c5 25. Re2 Qxd4 26. Qc2 Rg3 27. Rd2 Rdg8 28. Ne2 Qb4 29. Nxg3 Rxg3 30. b6 Qxa5 31. bxa7+ Qxa7 32. Qb2 Rg4 33. Qb5 Qa6 34. Qe8+ Kc7 35. Qf7+ Kb8 36. Qxh7 Qa1+ 37.
Kf2 Qd4+ 38. Kf1 Qf4+ 39. Rf2 Qc1+ 40. Ke2 Qc2+ 41. Kf3 Rf4+ 42. Kxf4 Qxf2+ 43. Kg4 Qxg2+ 44. Kf4 Qd2+ 45. Kg3 c4 46. Qg8+ Ka7 47. dxc4 Qd3+ 48. Kg2 Qxc4 49. Qxe6 Qc2+ 50. Kg3 d4 51. Qxf6 d3 52.
Qd4+ Ka6 53. Qd6+ b6 54. Qa3+ Kb7 55. Qe7+ Qc7+ 56. Qxc7+ Kxc7 57. Kf3 Kc6 58. Ke3 d2 59. Kxd2 Kb5 60. Kc1 Kb4 61. Kb2 b5 62. Kc2 Ka3 63. Kc1 Ka2 64. Kc2 b4 0-1

[Event "Vener-dì-Rapid"]
[Site "Chess.com"]
[Date "2020.05.22"]
[Round "4"]
[White "malberici"]
[Black "Luca090267"]
[Result "0-1"]
[WhiteElo "1402"]
[BlackElo "1459"]
[TimeControl "720+3"]
[EndTime "13:33:33 PDT"]
[Termination "Luca090267 ha vinto per scaccomatto"]

1. d4 Nf6 2. c4 c5 3. dxc5 Qa5+ 4. Nc3 Qxc5 5. e3 g6 6. Nf3 Bg7 7. Be2 O-O 8. O-O d6 9. a3 a6 10.
b4 Qc7 11. Bb2 Nc6 12. Nd5 Nxd5 13. Bxg7 Kxg7 14. Qxd5 e6 15. Qe4 f5 16. Qh4 Qe7 17.
Qg3 e5 18. h4 Be6 19. h5 f4 20.
exf4 Rxf4 21. hxg6 Rg4 22. Qh2 Rxg6 23. b5 axb5 24.
cxb5 e4 25. Nh4 Nd4 26. Bd1 Rh6 27. Qg3+ Kh8 28. Qc3 Qxh4 29. Qxd4+ Kg8 30. f3 Rf8 31. Qxe4 Qh2+ 32. Kf2 Rg6 33. Bc2 Qxg2+ 34. Ke3 Qg5+ 35. Kd4 Qc5+ 36. Kd3 Bf5 37. Bb3+ Kg7 38. Rae1 Bxe4+ 39. Rxe4 Qxa3 40. Kc3 Qc5+ 41. Rc4 Qe3+ 42. Kb4 Qd2+ 43. Ka3 Ra8+ 44. Ra4 Rxa4+ 45. Kxa4 b6 46. Rd1 Qa5# 0-1